 Dungeon Crawl Stone Soup version 0.29.0-13-gc9e81de378 (webtiles) character file.

Game seed: 1141279571794501851

12 Tsarbomb the Slasher (level 2, 0/24 HPs)
             Began as a Merfolk Monk on Sept 10, 2022.
             Slain by a quokka (1 damage)
             ... on level 1 of the Dungeon.
             The game lasted 00:02:04 (355 turns).

Tsarbomb the Slasher (Merfolk Monk)                  Turns: 355, Time: 00:02:05

Health: 0/24       AC:  2    Str: 11    XL:     2   Next: 33%
Magic:  2/2        EV: 13    Int:  9    God:
Gold:   9          SH:  0    Dex: 16    Spells: 1/1 levels left

rFire   . . .      SeeInvis .   e - +0 spear
rCold   . . .      Faith    .   (no shield)
rNeg    . . .      Spirit   .   b - +0 robe
rPois   .          Reflect  .   (no helmet)
rElec   .          Harm     .   (no cloak)
rCorr   .          Rampage  .   (no gloves)
Will    .....                   (no boots)
Stlth   ++........              (no amulet)
HPRegen 0.08/turn               (no ring)
MPRegen 0.08/turn               (no ring)

@: no status effects
A: (nimble swimmer 2), mertail
a: no special abilities


You were on level 1 of the Dungeon.
You visited 1 branch of the dungeon, and saw 1 of its levels.

You collected 9 gold pieces.

Inventory:

Hand Weapons
 a - a +0 falchion
 e - a +0 spear (weapon)
Armour
 b - a +0 robe (worn)
 d - a +0 cloak
Potions
 c - 2 potions of ambrosia


   Skills:
 - Level 3.2 Fighting
 - Level 4.5 Long Blades
 - Level 4.0 Dodging
 - Level 2.1 Stealth


You had one spell level left.
You didn't know any spells.
Your spell library was empty.

Dungeon Overview and Level Annotations

Branches:
Dungeon (1/15)

Altars:


Innate Abilities, Weirdness & Mutations

((You are very nimble when in or above water. (Stealth+, EV+, Speed+++)))
Your lower body shifts to a powerful aquatic tail in water.


Message History

You barely miss the kobold.
The quokka twitches its whiskers.
The quokka closely misses you. The kobold misses you.
The quokka closely misses you.
You barely miss the kobold. The quokka barely misses you.
The kobold closely misses you.
You closely miss the kobold. The quokka bites you.
The kobold hits you with a +0 short sword.
You hit the kobold but do no damage. The quokka closely misses you.
The kobold hits you but does no damage. The quokka closely misses you.
You hit the kobold but do no damage. The kobold closely misses you.
The quokka closely misses you.
You hit the kobold but do no damage. The kobold misses you.
The quokka closely misses you.
You closely miss the kobold.
The quokka bites you but does no damage.
The kobold hits you with a +0 short sword.
The quokka bites you.
You are too injured to fight recklessly!
You are too injured to fight recklessly!
You are too injured to fight recklessly!
You are too injured to fight recklessly!
You are too injured to fight recklessly!
Really walk into that dispersal trap?
You enter a dispersal trap!
The quokka blinks!
The kobold blinks!
The quokka blinks!
The kobold blinks!
You blink.
A kobold comes into view. It is wielding a +1 dagger of venom.
You hit the kobold.
The kobold is moderately wounded.
The kobold hits you with a +0 short sword.
* * * LOW HITPOINT WARNING * * *
The quokka misses you.
The kobold hits you with a +0 short sword.
* * * LOW HITPOINT WARNING * * *
The quokka bites you.
* * * LOW HITPOINT WARNING * * *
The kobold misses you. The kobold attacks as you move away!
The kobold closely misses you. The quokka bites you.
You die...

#.# #.# #.# #.# #.#### #
#.#... #.###### #.#...
##.#....############.####
........@................
#
.#.#..Kr############.#.##
...#.#....#............#.#
....................####.#
#................#.# #.#
..##............##..# #.##
#.#.....^....#.#..# #...
..#.##......##.#...# ####
....##.#....#.##....#


You could see a quokka and a kobold.

Vanquished Creatures
  A gnoll (D:1)
  A hobgoblin (D:1)
  A quokka (D:1)
3 creatures vanquished.

Notes
Turn   | Place    | Note
-------+----------+-------------------------------------------
     0 | D:1      | Tsarbomb the Merfolk Monk began the quest for the Orb.
     0 | D:1      | Reached XP level 1. HP: 18/18 MP: 1/1
    26 | D:1      | Reached XP level 2. HP: 6/24 MP: 2/2
   353 | D:1      | HP: 1/24 [quokka (5)]
   355 | D:1      | Slain by a quokka

Illustrated notes

Levels and vault maps discovered:
D:1:      heliophobic_arrival_battle_scene, layout_basic,
          minmay_misc_feat_secret_circle, st_stairs_7,
          minmay_misc_feat_more_columns, minivault_23

Skill      XL: |  1 |
---------------+----+-----
Long Blades    | 4 |  4.5
Fighting       | |  3.2
Dodging        | |  4.0
Stealth        | |  2.1

Action                   || total
-------------------------++-------
Melee: Falchion          ||    13
       Spear             ||    11
 Stab: Sleeping          ||     1
Armor: Robe              ||     2
Dodge: Dodged            ||    27
